 Dungeon Crawl Stone Soup version 0.30-a0-953-g5f1da4a474 (webtiles) character file.

Game seed: 13508923565924738066

11841 sanka the Frost Mage (level 11, -11/94 HPs)
             Began as a White Draconian Monk on Mar 28, 2023.
             Was a High Priest of Jiyva.
             Mangled by Agnes
             ... wielding a +2 vampiric lajatang
              (26 damage)
             ... on level 14 of the Dungeon.
             The game lasted 00:28:04 (12768 turns).

sanka the Frost Mage (White Draconian Monk)        Turns: 12768, Time: 00:28:06

Health: -11/94     AC: 25    Str: 17    XL:     11   Next: 54%
Magic:  21/24      EV: 15    Int: 13    God:    Jiyva [*****.]
Gold:   239        SH:  0    Dex: 14    Spells: 6/20 levels left

rFire   . . .      SeeInvis +      - Unarmed
rCold   + . .      Faith    .    (no shield)
rNeg    . . .      Spirit   .    (body armour unavailable)
rPois   .          Reflect  .    (helmet restricted)
rElec   .          Rampage  .    x - +2 cloak
rCorr   +                        L - +0 pair of gloves
Will    .....                    e - +2 pair of boots
Stlth   ++                       m - amulet of regeneration
HPRegen 2.59/turn                y - +4 ring of protection
MPRegen 0.64/turn                v - ring of see invisible

@: ice-armoured, slimy
A: breathe frost, AC +7, unfitting armour, cold resistance 1, cold-blooded, high
MP 3, strong 1, acidic bite, pseudopods 2, jelly absorbing missiles
a: Breathe Frost, Renounce Religion, Oozemancy, Slimify


You were on level 14 of the Dungeon.
You worshipped Jiyva.
Jiyva was extremely pleased with you.
You visited 1 branch of the dungeon, and saw 12 of its levels.
You also visited: Sewer.

You collected 441 gold pieces.
You spent 202 gold pieces at shops.


Innate Abilities, Weirdness & Mutations

You can breathe waves of freezing cold which knock back foes.
Your icy white scales are hard. (AC +7)
You cannot fit into any form of body armour.
Your flesh is cold resistant. (rC+)
You are cold-blooded and may be slowed by cold attacks.
You have a greatly increased reservoir of magic. (+30% MP)
Your muscles are strong. (Str +4, Int/Dex -1)
You have acidic saliva.
Armour fits poorly on your large pseudopods.
You have a small jelly attached to you that may absorb projectiles.


   Skills:
 - Level 8.0 Fighting
 - Level 8.0 Dodging
 - Level 1.7 Stealth
 - Level 10.0 Unarmed Combat
 - Level 5.0 Spellcasting
 - Level 2.0 Summonings
 - Level 2.0 Transmutations
 + Level 12.2 Ice Magic


You had 6 spell levels left.
You knew the following spells:

 Your Spells              Type           Power      Damage    Failure   Level
a - Ozocubu's Armour      Ice            35%        N/A       1%          3
x - Summon Ice Beast      Ice/Summ       21%        N/A       10%         4
y - Frozen Ramparts       Ice            70%        1d11      1%          3
z - Ice Form              Ice/Tmut       21%        N/A       10%         4

Your spell library contained the following spells:

 Spells                   Type           Power      Damage    Failure   Level
 Ensorcelled Hibernation  Hex/Ice        38%        N/A       2%          2
 Magic Dart               Conj           12%        1d3       19%         1
 Slow                     Hex            12%        N/A       19%         1
 Searing Ray              Conj           6%         2d4       28%         2
 Spider Form              Tmut/Pois      5%         N/A       36%         3
 Metabolic Englaciation   Hex/Ice        9%         N/A       38%         5
 Confusing Touch          Hex            3%         N/A       50%         3
 Vampiric Draining        Necr           3%         2d6       50%         3
 Anguish                  Hex/Necr       1%         N/A       88%         4
 Fulminant Prism          Conj/Hex       1%         3d5       88%         4
 Simulacrum               Ice/Necr       9%         N/A       93%         6
 Ozocubu's Refrigeration  Ice            17%        4d11      71%         7

Inventory:

Hand Weapons
 E - the +4 trident of the Eternal Warrior {protect, rPois Will+} rPois: It protects you from poison. Will: It increases your willpower.
Missiles
 J - 9 throwing nets {=f}
Armour
 e - a +2 pair of boots (worn)
 x - a +2 cloak (worn)
 F - the +2 buckler of the Gusle {Str+7 SInv}

   Str:       It affects your strength (+7).
   SInv:      It lets you see invisible.
 L - a +0 pair of gloves (worn)
Magical Staves
 q - the staff of air "Omnue" {+Blink rElec rPois}

   [staff of air]

   Base accuracy: +5 Base damage: 5 Base attack delay: 1.2 This weapon's minimum
   attack delay (0.6) is reached at skill level 12.
   rElec:     It insulates you from electricity.
   rPois:     It protects you from poison.
   +Blink:    It lets you blink.
   It falls into the 'Staves' category.
   It is a one-handed weapon.
Jewellery
 m - an amulet of regeneration (around neck)
 o - an amulet of guardian spirit
 u - a +6 ring of intelligence
 v - a ring of see invisible (right hand)
 y - a +4 ring of protection (left hand)
 D - a ring of fire
 G - a ring of flight
Wands
 w - a wand of paralysis (8)
Scrolls
 b - 3 scrolls of fog
 c - 4 scrolls of teleportation {@r4}
 g - a scroll of butterflies
 h - a scroll of poison {!r}
 i - a scroll of vulnerability {!r}
 j - 4 scrolls of amnesia
 n - a scroll of enchant armour
 t - 2 scrolls of fear
 B - a scroll of immolation {!r}
 H - a scroll of magic mapping
Potions
 a - a potion of ambrosia
 d - a potion of flight {unknown}
 f - 10 potions of curing {@q1}
 k - 5 potions of haste {@q3}
 l - 2 potions of attraction {!q}
 p - 2 potions of magic
 r - 3 potions of brilliance
 s - a potion of lignification {!q}
 z - a potion of might
 A - a potion of cancellation
 I - a potion of berserk rage {!q}
 K - a potion of resistance

Dungeon Overview and Level Annotations

Branches:
Dungeon (14/15)            Temple (0/1) D:7            Lair (0/5) D:10
    Orc (0/2) D:9           Sewer (visited)
 Vaults: D:13-14

Altars:
Elyvilon
Gozag
Hepliaklqana
Kikubaaqudgha
Makhleb
Qazlal
Trog
Wu Jian
The Shining One

Shops:
D:3 *   D:8 *   D:9 [   D:10 *

Annotations:
D:6 2 runed translucent doors, clease's ghost, novice DEFE
D:8 2 transporters, sastreii's ghost, novice FoFi
D:14 Agnes; Roxanne

.......................
........................
........................
.^......................
........................
........................
........................
.................iJ.....
.............▒.▒d.......
.........▒▒▒▒▒......▒
......... .....▒▒
....... .....▒ ......
....▒▒ ... ....▒ ....▒
▒▒..▒


You could see Agnes and a neutral jelly (wandering) (fellow slime).


Message History

* * * LOW HITPOINT WARNING * * *
Agnes hits you but does no damage.
Use which ability? (? or * to list)
A thick mucus forms on your hands.
Agnes hits you with a +2 vampiric lajatang.
* * * LOW HITPOINT WARNING * * *
Agnes draws strength from your wounds!
Unknown command.
You miss Agnes. You bludgeon Agnes, but do no damage.
Agnes is lightly wounded.
Agnes hits you with a +2 vampiric lajatang.
* * * LOW HITPOINT WARNING * * *
Agnes hits you with a +2 vampiric lajatang!
* * * LOW HITPOINT WARNING * * *
You completely miss Agnes. Your bludgeon misses Agnes.
Agnes is lightly wounded.
Agnes hits you with a +2 vampiric lajatang!
* * * LOW HITPOINT WARNING * * *
Agnes draws strength from your wounds!
You barely miss Agnes. You tail-slap Agnes, but do no damage.
Your punch misses Agnes.
Agnes is lightly wounded.
Agnes hits you with a +2 vampiric lajatang!
* * * LOW HITPOINT WARNING * * *
Agnes draws strength from your wounds!
Agnes hits you with a +2 vampiric lajatang!!
You die...

Action                     |  1- 3 |  4- 6 |  7- 9 | 10-12 || total
---------------------------+-------+-------+-------+-------++-------
  Melee: Unarmed           |    69 |   217 |   338 |   454 ||  1078
         Tailslap          |    12 |    23 |    59 |    62 ||   156
         Punch             |     3 |     9 |    16 |    29 ||    57
         Pseudopods        |       |       |       |    53 ||    53
   Cast: Ozocubu's Armour  |       |       |     9 |    32 ||    41
         Frozen Ramparts   |       |       |       |     3 ||     3
         Summon Ice Beast  |       |       |       |     2 ||     2
 Invoke: Slimify           |       |       |       |     2 ||     2
Ability: Breathe Frost     |       |       |     3 |     4 ||     7
  Evoke: Wand              |       |       |       |     3 ||     3
    Use: Potion            |       |     3 |       |     2 ||     5
         Scroll            |       |     1 |       |    16 ||    17
   Stab: Sleeping          |     6 |     4 |     1 |       ||    11
         Paralysed         |       |       |       |     2 ||     2
         Distracted        |       |       |       |     1 ||     1
 Armour: Skin              |    20 |    64 |   136 |   255 ||   475
  Dodge: Dodged            |    27 |   128 |   220 |   454 ||   829

Levels and vault maps discovered:
D:1:      dpeg_arrival_ratfight, layout_basic, corexii_leaking_fountain
D:2:      layout_basic, shapermc_ecumenical_altar_ellora, uniq_terence,
          uniq_jessica
D:3:      layout_rooms, serial_shops, shop, uniq_grinder, uniq_sigmund
D:4:      layout_layer_cave, st_stairs_4, kennysheep_cross_bottleneck,
          minmay_starry_boxes, uniq_edmund
D:5:      layout_layer_cave, cheibrodos_sewer_entry_sluice
D:6:      dreamdust_elfheim, layout_gridville, nicolae_hepliaklqana_hazy_memory,
          chequers_temple_overflow_statue_of_worship,
          ebering_ghost_disaster_area
D:7:      layout_gridville, makhleb_grotto_becter, minmay_temple_entry_oklob,
          uniq_menkaure
D:8:      layout_cave_pools, gammafunk_ghost_wrathful_warriors,
          serial_gnoll_camp, gnoll_camp_mini_basic, gnoll_camp_mini_hut,
          gnoll_camp_mini_shop, gnoll_camp_huts_moat, uniq_maurice
D:9:      layout_layer_cave, nicolae_elyvilon_temple_path,
          minmay_orc_entry_guard_dogs, serial_shops, shop, uniq_harold
D:10:     layout_long_grid, mainiacjoe_overflow_alcove_1, david_lair_generic,
          guppyfry_shop_venom
D:11:     layout_cave_pools, hangedman_decor_push, uniq_sonja, uniq_urug,
          uniq_lodul
D:14:     layout_layer_cave, erik_vaults_1, nicolae_gozag_seed_capital,
          uniq_roxanne, uniq_jorgrun, uniq_agnes

Notes
Turn   | Place    | Note
-------+----------+-------------------------------------------
     0 | D:1      | sanka the Draconian Monk began the quest for the Orb.
     0 | D:1      | Reached XP level 1. HP: 19/19 MP: 1/1
   316 | D:1      | Reached XP level 2. HP: 26/26 MP: 2/2
   720 | D:1      | Reached skill level 4 in Unarmed Combat
  1007 | D:2      | Identified the staff of air "Omnue" {+Blink rElec rPois}
  1073 | D:2      | Reached XP level 3. HP: 30/31 MP: 3/3
  1164 | D:2      | Found a faded altar of an unknown god.
  1204 | D:2      | Noticed Jessica
  1206 | D:2      | Killed Jessica
  1207 | D:2      | Reached skill level 5 in Unarmed Combat
  1207 | D:2      | Reached XP level 4. HP: 37/38 MP: 4/4
  1333 | D:2      | Noticed Terence
  1641 | D:3      | Noticed Grinder
  1694 | D:3      | Found Cuyjepiu's Assorted Antiques.
  1809 | D:3      | Noticed Sigmund
  2270 | D:3      | Paralysed by a gnoll bouda for 2 turns
  2286 | D:3      | HP: 2/38 [gnoll bouda/+0 whip (7)]
  2298 | D:3      | Reached XP level 5. HP: 12/45 MP: 5/5
  2351 | D:4      | Reached skill level 6 in Unarmed Combat
  2724 | D:4      | Reached XP level 6. HP: 35/51 MP: 6/6
  2792 | D:4      | Noticed Edmund
  2916 | D:4      | Reached skill level 7 in Unarmed Combat
  4099 | D:5      | Entered Level 5 of the Dungeon
  4159 | D:5      | Reached skill level 8 in Unarmed Combat
  4159 | D:5      | Your scales start taking on an icy white colour.
  4159 | D:5      | Reached XP level 7. HP: 41/57 MP: 7/7
  4159 | D:5      | Gained mutation: Your flesh is cold resistant. (rC+) [White
                  | Draconian growth]
  4188 | D:5      | Found a glowing drain.
  4199 | D:5      | Learned a level 3 spell: Ozocubu's Armour
  4215 | Sewer    | Entered a sewer
  4329 | Sewer    | Found a viscous altar of Jiyva.
  4368 | Sewer    | Became a worshipper of Jiyva Josej the Shapeless
  4368 | Sewer    | Reached * piety under Jiyva
  4368 | Sewer    | Reached ** piety under Jiyva
  4847 | D:2      | Found a faded altar of an unknown god.
  4905 | D:2      | Killed Terence
  5103 | D:3      | Killed Sigmund
  5104 | D:3      | Reached skill level 9 in Unarmed Combat
  5382 | D:3      | Found Cuyjepiu's Assorted Antiques.
  5395 | D:3      | Paralysed by Grinder for 3 turns
  5403 | D:3      | Killed Grinder
  6771 | D:4      | Killed Edmund
  6772 | D:4      | Reached XP level 8. HP: 43/63 MP: 8/8
  7569 | D:5      | Reached skill level 10 in Unarmed Combat
  7612 | D:5      | Reached skill level 1 in Ice Magic
  7627 | D:5      | Reached skill level 1 in Spellcasting
  7627 | D:5      | Reached skill level 2 in Ice Magic
  7863 | D:5      | Reached skill level 2 in Spellcasting
  8061 | D:6      | Found a stormy altar of Qazlal.
  8061 | D:6      | Found an ancient bone altar of Kikubaaqudgha.
  8061 | D:6      | Found a glowing golden altar of the Shining One.
  8104 | D:6      | Found a large runed translucent door.
  8105 | D:6      | Found a large runed translucent door.
  8109 | D:6      | Noticed clease's ghost (novice DEFE)
  8129 | D:6      | Reached skill level 3 in Ice Magic
  8164 | D:6      | Reached skill level 4 in Ice Magic
  8173 | D:6      | Reached skill level 5 in Ice Magic
  8328 | D:6      | Reached *** piety under Jiyva
  8357 | D:6      | Gained mutation: Your muscles are strong. (Str +4, Int/Dex
                  | -1) [Jiyva's grace]
  8357 | D:6      | Gained mutation: Your muscles are very strong. (Str +8,
                  | Int/Dex -2) [Jiyva's grace]
  8357 | D:6      | Gained mutation: Your flesh is heat resistant. (rF+)
                  | [Jiyva's grace]
  8357 | D:6      | Gained mutation: Your flesh is very heat resistant. (rF++)
                  | [Jiyva's grace]
  8556 | D:6      | Found a hazy altar of Hepliaklqana.
  8721 | D:7      | Reached skill level 6 in Ice Magic
  8757 | D:7      | Identified the +4 trident of the Eternal Warrior {protect,
                  | rPois Will+}
  8800 | D:7      | Reached **** piety under Jiyva
  8807 | D:7      | Noticed Menkaure
  8817 | D:7      | Killed Menkaure
  8818 | D:7      | Reached skill level 4 in Fighting
  8840 | D:7      | Reached skill level 5 in Fighting
  8850 | D:7      | Reached XP level 9. HP: 71/73 MP: 12/12
  8877 | D:7      | Identified the +2 buckler of the Gusle {Str+7 SInv}
  8946 | D:7      | Reached skill level 6 in Fighting
  9111 | D:7      | Found a burning altar of Makhleb.
  9121 | D:7      | Reached skill level 7 in Fighting
  9253 | D:7      | Found a staircase to the Ecumenical Temple.
  9318 | D:7      | Reached skill level 8 in Fighting
  9318 | D:7      | Reached skill level 3 in Dodging
  9409 | D:7      | Reached skill level 4 in Dodging
  9557 | D:8      | Noticed a moth of wrath
  9568 | D:8      | Reached skill level 5 in Dodging
  9584 | D:8      | Reached skill level 6 in Dodging
  9600 | D:8      | Noticed sastreii's ghost (novice FoFi)
  9603 | D:8      | Reached XP level 10. HP: 60/88 MP: 13/13
  9632 | D:8      | Reached ***** piety under Jiyva
  9634 | D:8      | Noticed a two-headed ogre
  9642 | D:8      | Found a bloodstained altar of Trog.
  9649 | D:8      | Found a transporter.
  9651 | D:8      | Found a transporter.
  9693 | D:8      | Found Guocoklo's General Store.
  9703 | D:8      | Reached skill level 7 in Dodging
  9752 | D:8      | Bought a scroll of magic mapping for 90 gold pieces
  9752 | D:8      | Bought a scroll of fear for 48 gold pieces
  9752 | D:8      | Bought a potion of degeneration for 12 gold pieces
  9803 | D:8      | Noticed Maurice
 10040 | D:8      | Killed Maurice
 10272 | D:8      | Lost mutation: Your flesh is very heat resistant. (rF++)
                  | [Jiyva's grace]
 10272 | D:8      | Lost mutation: Your flesh is heat resistant. (rF+) [Jiyva's
                  | grace]
 10272 | D:8      | Gained mutation: Armour fits poorly on your pseudopods.
                  | [Jiyva's grace]
 10272 | D:8      | Gained mutation: Armour fits poorly on your large
                  | pseudopods. [Jiyva's grace]
 10272 | D:8      | Gained mutation: Armour fits poorly on your massive
                  | pseudopods. [Jiyva's grace]
 10272 | D:8      | Gained mutation: You have a small jelly attached to you
                  | that may absorb projectiles. [Jiyva's grace]
 10412 | D:9      | Noticed Harold
 10452 | D:9      | Killed Harold
 10453 | D:9      | Reached skill level 8 in Dodging
 10453 | D:9      | Reached skill level 7 in Ice Magic
 10458 | D:9      | Learned a level 4 spell: Ice Form
 10463 | D:9      | Learned a level 4 spell: Summon Ice Beast
 10557 | D:9      | Reached skill level 8 in Ice Magic
 10764 | D:9      | Reached skill level 9 in Ice Magic
 10843 | D:9      | Found a white marble altar of Elyvilon.
 10892 | D:9      | Found a staircase to the Orcish Mines.
 11009 | D:9      | Reached skill level 10 in Ice Magic
 11306 | D:9      | Found Ynifuiz's Antique Armour Shop.
 11480 | D:10     | Entered Level 10 of the Dungeon
 11723 | D:10     | Learned a level 3 spell: Frozen Ramparts
 11756 | D:10     | Found Jemaac Pabbo's Serpentskin Sales.
 11764 | D:10     | Noticed a manticore
 11796 | D:10     | Killed a manticore
 11797 | D:10     | Reached skill level 1 in Summonings
 11797 | D:10     | Reached XP level 11. HP: 89/94 MP: 15/15
 11801 | D:10     | Reached skill level 1 in Transmutations
 11823 | D:10     | Reached skill level 3 in Spellcasting
 11823 | D:10     | Bought a scroll of poison for 52 gold pieces
 11848 | D:10     | Found an ornate altar of the Wu Jian Council.
 12086 | D:10     | Noticed a harpy
 12097 | D:10     | Killed a harpy
 12098 | D:10     | Reached skill level 2 in Summonings
 12098 | D:10     | Reached skill level 2 in Transmutations
 12109 | D:10     | Reached skill level 11 in Ice Magic
 12119 | D:10     | Reached ****** piety under Jiyva
 12121 | D:10     | Found a staircase to the Lair.
 12121 | D:10     | Noticed a two-headed ogre
 12129 | D:10     | Killed a two-headed ogre
 12130 | D:10     | Reached skill level 4 in Spellcasting
 12362 | D:10     | Identified +0 steam dragon scales
 12529 | D:14     | Noticed a death knight
 12530 | D:14     | Noticed a lindwurm
 12548 | D:14     | Noticed a shock serpent
 12559 | D:14     | Killed a shock serpent
 12570 | D:14     | Noticed a centaur warrior
 12571 | D:14     | Noticed a +5 long sword
 12595 | D:14     | Killed a centaur warrior
 12602 | D:14     | Killed a +5 long sword
 12603 | D:14     | Reached skill level 5 in Spellcasting
 12603 | D:14     | Reached skill level 12 in Ice Magic
 12651 | D:14     | Slimified a death knight
 12651 | D:14     | a death knight changed into a slime creature
 12723 | D:14     | Found an opulent altar of Gozag.
 12724 | D:14     | Noticed Roxanne
 12740 | D:14     | Lost mutation: Your muscles are very strong. (Str +8,
                  | Int/Dex -2) [Jiyva's grace]
 12740 | D:14     | Lost mutation: Armour fits poorly on your massive
                  | pseudopods. [Jiyva's grace]
 12740 | D:14     | Gained mutation: You have acidic saliva. [Jiyva's grace]
 12740 | D:14     | Gained mutation: You have an increased reservoir of magic.
                  | (+10% MP) [Jiyva's grace]
 12740 | D:14     | Gained mutation: You have a considerably increased
                  | reservoir of magic. (+20% MP) [Jiyva's grace]
 12740 | D:14     | Gained mutation: You have a greatly increased reservoir of
                  | magic. (+30% MP) [Jiyva's grace]
 12740 | D:14     | Noticed Agnes
 12768 | D:14     | Mangled by Agnes

Vanquished Creatures
  Harold (D:9)
  A centaur warrior (D:14)
  A dancing weapon (D:14)
  A two-headed ogre (D:10)
  A shock serpent (shapeshifter) (D:14)
  A harpy (shapeshifter) (D:10)
  A manticore (D:10)
  An unseen horror (D:10)
  A kobold demonologist (D:14)
  A troll (D:10)
  Grinder (D:3)
  Sigmund (D:3)
  10 yaks
  A shadow (D:10)
  3 wyverns
  A steam dragon (D:7)
  Menkaure (D:7)
  3 wargs (D:9)
  A water moccasin (D:10)
  A sky beast (D:7)
  An ice beast (D:7)
  5 black bears
  3 orc warriors (D:10)
  3 centaurs
  A kobold brigand (D:14)
  3 gnoll sergeants
  5 bullfrogs
  A scorpion (D:4)
  16 wights
  An oklob sapling (D:7)
  13 killer bees
  2 electric eels (D:8)
  2 howler monkeys (D:8)
  A crimson imp (D:7)
  A jelly (Sewer)
  5 hounds
  6 orc priests
  4 gnoll boudas
  Jessica (D:2)
  5 iguanas
  Terence (D:2)
  7 orc wizards
  31 gnolls
  8 adders
  2 river rats
  A shadow imp (D:8)
  A white imp (D:5)
  4 worms
  3 dart slugs
  18 orcs
  4 bats
  13 endoplasms
  4 giant cockroaches
  5 goblins
  4 hobgoblins
  9 jackals
  2 quokkas
  8 ball pythons
  6 frilled lizards
  6 kobolds
  11 rats
260 creatures vanquished.

Vanquished Creatures (others)
  Maurice (D:8)
  A slime creature (D:14)
  Edmund (D:4)
  A black bear (D:10)
  An orc warrior (D:10)
  2 centaurs
  A bullfrog (D:7)
  2 wights
  A killer bee (D:9)
  A howler monkey (D:9)
  35 jellies
  A gnoll bouda (D:8)
  An orc wizard (D:9)
  7 gnolls (D:8)
  3 orcs (D:9)
  3 kobolds (D:14)
  42 plants
104 creatures vanquished.

Grand Total: 364 creatures vanquished
